Map: [ESL] Site Delta

Players

Coffee - Winner!

  • Race: Terran Terran
  • Spawn Location: 5:00

MeomaikA

  • Race: Zerg Zerg
  • Spawn Location: 11:00

Event: ESL SC2 Masters 2023 Winter (Regional)

VOD

Have the link to the VOD?

Description

Time

  • Played on: Nov. 11, 2023, 7:14 a.m.
  • Length: 8:08

All games in this series

Show
View Real Time Build Order
Export as new Build Order

Coffee Terran - Winner!

Build Orders: Reaper Expand, Hellion Banshee 

Get SALT Encoding   

  12  0:00  SCV  
  13  0:12  SCV  
  14  0:17  Supply Depot  
  14  0:24  SCV  
  15  0:38  SCV  
  15  0:40  Barracks  
  15  0:42  Refinery  
  16  0:51  SCV  
  17  1:03  SCV  
  18  1:15  SCV  
  19  1:27  Orbital Command, Reaper  
  20  1:39  Command Center  
  20  1:49  Supply Depot  
  20  1:52  SCV  
  21  1:59  Marine  
  22  2:05  SCV  
  23  2:13  Factory  
  23  2:17  SCV  
  23  2:20  Barracks Reactor, Refinery  
  24  2:29  SCV  
  25  2:41  SCV  
  26  2:51  Orbital Command  
  26  2:53  SCV  
  26  2:58  Starport  
  27  3:03  Hellion x2  
  27  3:05  Barracks Tech Lab  
  31  3:06  Marine, Supply Depot  
  31  3:08  SCV  
  33  3:21  SCV  
  33  3:22  SCV  
  33  3:24  Hellion, Marine  
  33  3:25  Hellion  
  40  3:35  Medivac  
  40  3:37  Armory  
  42  3:46  Hellion x2  
  46  3:51  SCV x2  
  46  3:53  Marine  
  46  3:54  Supply Depot  
  49  4:03  Supply Depot  
  49  4:06  Starport Tech Lab  
  49  4:07  Hellion x2  
  53  4:11  SCV  
  53  4:15  SCV  
  55  4:20  Supply Depot  
  55  4:25  Banshee, Cloaking Field  
  55  4:26  Barracks Tech Lab  
  55  4:27  SCV  
  55  4:29  SCV  
  60  4:38  Hellion x2  
  64  4:40  SCV  
  64  4:50  SCV  
  63  4:59  Hellion  
  59  5:00  Hellion  
  59  5:02  SCV  
  54  5:07  Hellion  
  54  5:08  Banshee  
  54  5:09  Stimpack  
  55  5:15  SCV  
  55  5:21  Hellion x2  
  60  5:32  Command Center  
  60  5:36  SCV x2  
  64  5:49  Barracks  
  62  5:51  Banshee, SCV x2  
  62  5:52  Barracks  
  62  5:54  Factory Reactor  
  67  6:02  Refinery  
  67  6:03  SCV x2, Engineering Bay  
  67  6:04  Engineering Bay  
  67  6:18  SCV x2  
  69  6:20  Refinery  
  69  6:22  Marine  
  70  6:30  SCV x2  
  72  6:45  Orbital Command, Starport Reactor  
  73  6:47  SCV x2  
  74  6:54  Barracks x2  
  74  7:00  Marine x2  
  74  7:01  Siege Tank, Marine x2  
  78  7:03  SCV  
  78  7:04  SCV  
  83  7:09  Orbital Command  
  83  7:15  Supply Depot  
  83  7:16  Supply Depot, SCV x2  
  83  7:17  Supply Depot, Marine  
  83  7:18  Marine x3  
  83  7:19  Marine  
  90  7:28  SCV x2  
  92  7:35  Marine  
  93  7:37  Medivac, Marine x3  
  93  7:38  Medivac  
  93  7:39  SCV  
  93  7:40  Supply Depot, SCV x2  
  106  7:44  Barracks Reactor x2  
  107  7:51  SCV  
  107  7:52  SCV  
  107  7:53  SCV  
  107  7:56  Supply Depot x2  
  107  7:57  Supply Depot  
Show
View Real Time Build Order
Export as new Build Order

MeomaikA Zerg 

Build Orders: Pool First 

Get SALT Encoding   

  12  0:00  Drone  
  13  0:12  Overlord  
  13  0:17  Drone  
  14  0:30  Drone  
  14  0:31  Drone  
  14  0:34  Drone  
  17  0:44  Spawning Pool  
  17  0:47  Drone  
  17  1:08  Hatchery  
  17  1:10  Drone  
  17  1:13  Extractor  
  17  1:15  Drone  
  17  1:19  Drone  
  18  1:30  Zergling x2  
  18  1:31  Queen  
  21  1:38  Drone  
  22  1:50  Overlord  
  22  2:08  Queen  
  22  2:09  Drone  
  22  2:11  Drone  
  22  2:12  Metabolic Boost  
  26  2:20  Drone  
  26  2:22  Drone  
  28  2:31  Drone  
  28  2:32  Drone  
  29  2:40  Drone  
  29  2:41  Drone x3  
  33  2:44  Drone  
  34  2:52  Overlord  
  34  3:00  Drone  
  34  3:04  Hatchery  
  34  3:07  Roach Warren  
  34  3:12  Zergling x4  
  35  3:17  Zergling x4  
  37  3:21  Zergling x4, Overlord  
  37  3:25  Overlord  
  39  3:47  Roach x2  
  39  3:48  Roach x3  
  49  3:51  Roach  
  49  3:52  Roach  
  49  3:53  Roach x2  
  49  3:55  Roach  
  59  3:59  Overlord  
  59  4:03  Overlord  
  59  4:17  Overlord  
  57  4:18  Zergling x4  
  57  4:19  Zergling x4  
  57  4:20  Zergling x2  
  59  4:27  Zergling x2  
  59  4:30  Zergling x2  
  62  4:31  Zergling x4  
  62  4:32  Zergling x4  
  62  4:34  Zergling x2  
  62  4:35  Zergling x4  
  62  4:37  Zergling x2  
  69  4:39  Ravager  
  69  4:40  Ravager  
  69  4:42  Zergling x2  
  69  4:44  Zergling x2  
  73  4:49  Zergling x2  
  72  4:54  Zergling x2  
  72  4:55  Zergling x2  
  72  4:58  Zergling x2  
  66  5:00  Zergling x4  
  66  5:01  Zergling x2  
  66  5:03  Zergling x2  
  66  5:04  Zergling x2  
  66  5:05  Zergling x4  
  66  5:06  Zergling x2  
  66  5:09  Zergling x2  
  61  5:16  Zergling x4  
  61  5:20  Zergling x2  
  54  5:26  Drone  
  54  5:27  Drone  
  50  5:30  Queen  
  50  5:31  Drone  
  50  5:32  Lair  
  53  5:37  Drone x2  
  53  5:38  Drone x2  
  53  5:40  Extractor  
  56  5:44  Drone x2  
  56  5:48  Spore Crawler  
  57  5:54  Spore Crawler  
  57  5:55  Drone x2  
  57  5:56  Drone  
  58  5:58  Drone  
  50  6:12  Drone x6  
  50  6:17  Drone  
  55  6:20  Drone x2  
  56  6:30  Overseer  
  54  6:36  Zergling x10  
  54  6:37  Overlord  
  54  6:39  Zergling x2  
  58  6:45  Drone x2  
  58  6:46  Zergling x4  
  57  6:53  Drone  
  56  6:55  Hydralisk Den  
  56  7:00  Drone x5  
  60  7:02  Drone  
  60  7:06  Overlord  
  61  7:12  Overlord  
  62  7:15  Extractor, Drone, Evolution Chamber  
  62  7:20  Queen  
  60  7:25  Hydralisk  
  60  7:27  Overseer  
  62  7:30  Hydralisk x2  
  62  7:34  Hydralisk  
  68  7:37  Hydralisk  
  68  7:41  Hydralisk  
  68  7:43  Hydralisk  
  74  7:46  Drone  
Tags
 
Add a new tag
Caveats
  • Supply blocks, unpowered buildings, or Contaminate may cause inaccurate times.
  • Supply counts are checked every 10 seconds.